 Dungeon Crawl Stone Soup version 0.31-a0-167-g1c394c0614 (webtiles) character file.

Game seed: 13866046424329616039

214 benadryl the Magician (level 5, -6/28 HPs)
             Began as a Deep Elf Fire Elementalist on June 14, 2023.
             Was a Follower of Vehumet.
             Killed by nerve-wracking pain
             ... invoked by an orc priest
              (11 damage)
             ... on level 4 of the Dungeon.
             The game lasted 00:05:23 (3693 turns).

benadryl the Magician (Deep Elf Fire Elementalist)  Turns: 3693, Time: 00:05:23

Health: -6/28      AC:  3    Str:  5    XL:     5   Next: 60%
Magic:  14/23      EV: 12    Int: 28    God:    Vehumet [*.....]
Gold:   196        SH:  0    Dex: 15    Spells: 11/14 levels left

rFire   + . .        h - staff of fire
rCold   . . .        (no shield)
rNeg    . . .        n - +1 robe {Archmagi}
rPois   .            (no helmet)
rElec   .            (no cloak)
rCorr   .            (no gloves)
SInv    .            (no boots)
Will    .....        (no amulet)
Stlth   ++           f - ring of magical power
HPRegen 0.24/turn    i - +6 ring of intelligence
MPRegen 0.18/turn

%: archmagi
@: lethally poisoned (-6 -> -23)
A: no striking features
a: Renounce Religion


You were on level 4 of the Dungeon.
You worshipped Vehumet.
Vehumet was aware of your devotion.
You visited 1 branch of the dungeon, and saw 4 of its levels.

You collected 196 gold pieces.

Inventory:

Hand Weapons
 k - a +3 dagger of speed
Armour
 a - a +0 robe
 n - a +1 robe of the Archmagi (worn)
Magical Staves
 h - a staff of fire (weapon)
Jewellery
 f - a ring of magical power (left hand)
 i - a +6 ring of intelligence (right hand)
 o - a +5 ring of evasion
Scrolls
 c - a scroll of fear {unknown}
 d - 3 scrolls of poison
 g - 2 scrolls of teleportation
 q - a scroll of identify {unknown}
Potions
 b - 2 potions of magic
 e - 3 potions of lignification {unknown}
 j - 2 potions of heal wounds {unknown}
 l - a potion of ambrosia {unknown}
 m - a potion of brilliance {unknown}
 p - a potion of attraction {unknown}


   Skills:
 - Level 2.4 Dodging
 - Level 2.4 Stealth
 - Level 5.0 Spellcasting
 * Level 3.5 Conjurations
 - Level 5.0 Fire Magic


You had 11 spell levels left.
You knew the following spells:

 Your Spells              Type           Power      Damage    Failure   Level
a - Foxfire               Conj/Fire      100%       2x1d9     1%          1
b - Scorch                Fire           100%       2d9       1%          2

Your spell library contained the following spells:

 Spells                   Type           Power      Damage    Failure   Level
 Shock                    Conj/Air       100%       1d9       3%          1
 Inner Flame              Hex/Fire       47%        N/A       7%          3
 Volatile Blastmotes      Fire/Tloc      94%        2d17      7%          3
 Blink                    Tloc           20%        N/A       10%         2
 Flame Wave               Conj/Fire      63%        2d15      12%         4
 Manifold Assault         Tloc           10%        N/A       54%         4
 Storm Form               Tmut/Air       5%         N/A       100%        7


Dungeon Overview and Level Annotations

Branches:
Dungeon (4/15)
 Temple: D:4-7

Altars:
Vehumet

Shops:
D:3 (


Message History

You kill the orc!
Vehumet accepts your kill.
The orc shouts!
The orc priest hits you with a +1 war axe of venom.
You are poisoned.
Casting: Scorch (safe; 1% risk of failure)
Confirm with . or Enter, or press ? or * to list all spells.
You feel a strong surge of power!
Flames lash the orc.
You kill the orc!
Vehumet accepts your kill.
You feel sick.
A ball python comes into view.
The orc priest closely misses you.
Casting: Scorch (safe; 1% risk of failure)
Confirm with . or Enter, or press ? or * to list all spells.
You feel a strong surge of power!
Flames lash the orc priest.
The orc priest is heavily wounded.
The orc priest's fire resistance burns away.
You feel sick.
The orc priest miscasts a cantrip.
The orc priest attacks as you move away!
The orc priest closely misses you.
You feel sick.
Casting: Scorch (safe; 1% risk of failure)
Confirm with . or Enter, or press ? or * to list all spells.
You feel a strong surge of power!
Flames lash the orc priest.
The orc priest is severely wounded.
The orc priest's fire resistance burns away.
You feel sick.
The orc priest hits you with a +1 war axe of venom!
You are lethally poisoned!
Casting: Scorch (safe; 1% risk of failure)
Confirm with . or Enter, or press ? or * to list all spells.
You feel a strong surge of power!
Flames lash the orc.
You kill the orc!
Vehumet accepts your kill.
* * * LOW HITPOINT WARNING * * *
You feel very sick.
The orc priest mumbles some strange prayers to Beogh against you.
Pain shoots through your body!
You die...

#. #. #.#### #....#
#....# # #....# .#
#######....######.#
#.......#...!.@oo.#
###....####.######)....#
......)....[....# ..)..#
...........(.....+.......
#######.........##.....#.
# #.........# J.?..# #
#.........# .S...#
#.....<...# .....#
#........##


You could see 2 orc priests.

Vanquished Creatures
  A jelly (D:4)
  Jessica (D:3)
  An orc wizard (D:3)
  Robin (D:3)
  3 adders
  3 worms
  A dart slug (D:1)
  7 orcs
  6 bats
  5 endoplasms
  7 giant cockroaches
  8 goblins
  8 hobgoblins
  A quokka (D:2)
  5 ball pythons
  3 frilled lizards
  10 kobolds
  5 rats
76 creatures vanquished.

Vanquished Creatures (others)
  51 foxfires
51 creatures vanquished.

Grand Total: 127 creatures vanquished

Notes
Turn   | Place    | Note
-------+----------+-------------------------------------------
     0 | D:1      | benadryl the Deep Elf Fire Elementalist began the quest for
                  | the Orb.
     0 | D:1      | Reached XP level 1. HP: 10/10 MP: 6/6
   357 | D:1      | Reached XP level 2. HP: 11/15 MP: 6/9
   571 | D:1      | Learned a level 2 spell: Scorch
  1308 | D:2      | Reached XP level 3. HP: 13/19 MP: 5/11
  1404 | D:2      | Reached skill level 5 in Spellcasting
  2269 | D:2      | Found a faded altar of an unknown god.
  2482 | D:3      | Found Riystryn's Weapon Emporium.
  2544 | D:3      | Found a radiant altar of Vehumet.
  2553 | D:3      | Became a worshipper of Vehumet
  2639 | D:3      | Noticed Robin
  2643 | D:3      | Reached XP level 4. HP: 23/24 MP: 13/13
  2648 | D:3      | Killed Robin
  2812 | D:3      | Noticed Jessica
  2816 | D:3      | Killed Jessica
  2817 | D:3      | Reached skill level 5 in Fire Magic
  2851 | D:3      | Reached XP level 5. HP: 25/28 MP: 5/14
  3418 | D:3      | Reached * piety under Vehumet
  3418 | D:3      | Offered knowledge of Shock by Vehumet.
  3693 | D:4      | Killed from afar by an orc priest

Illustrated notes

Levels and vault maps discovered:
D:1:      saegor_arrival_simple_c, layout_loops_ring, hangedman_glass_teeth,
          minmay_misc_feat_alley
D:2:      layout_basic, shapermc_ecumenical_altar_mp_vishouse,
          kennysheep_generic_room_11
D:3:      layout_basic, mainiacjoe_overflow_paths, serial_shops,
          nicolae_shop_temple_entry_statues_fountains, uniq_jessica, uniq_robin
D:4:      layout_basic, nicolae_overflow_squiral,
          minmay_temple_entry_glassed_door, chequers_serial_rivers_small_b,
          uniq_edmund

Skill      XL: |  1  2  3  4  5 |
---------------+----------------+-----
Spellcasting   | 4 5 |  5.0
Fire Magic     | 4 5 |  5.0
Conjurations   | 2 3 |  3.5
Dodging        | |  2.4
Stealth        | |  2.4

Action                     |  1- 3 |  4- 6 || total
---------------------------+-------+-------++-------
  Melee: Unarmed           |     4 |       ||     4
         Staff             |     1 |     5 ||     6
   Cast: Foxfire           |    37 |       ||    37
         Scorch            |    35 |    42 ||    77
    Use: Scroll            |     5 |       ||     5
 Armour: Robe              |     3 |     6 ||     9
  Dodge: Dodged            |    14 |    12 ||    26

Table legend: (Time is in decaauts)
 A = Elapsed time spent in this place.
 B = Non-inter-level travel time spent in this place.
 C = Inter-level travel time spent in this place.
 D = Time resting spent in this place.
 E = Time spent auto-exploring this place.
 F = Levels seen in this place.
 G = Mean time per level.
                   A        B        C        D        E       F      G
               +--------+--------+--------+--------+--------+-----+--------+
         Total |   3691 |   3472 |    219 |    110 |   2940 |   4 |  922.8 |
       Dungeon |   3691 |   3472 |    219 |    110 |   2940 |   4 |  922.8 |
               +--------+--------+--------+--------+--------+-----+--------+

Top non-repeatable levels by time:
     D:1: 1294 daAuts
     D:2: 1168 daAuts
     D:3: 1085 daAuts
     D:4: 143 daAuts
